 Dungeon Crawl Stone Soup version 0.30.0-10-gfe55d96785 (webtiles) character file.

Game seed: 646543506897380898

634 Farfigtubin the Chopper (level 7, 0/57 HPs)
             Began as a Formicid Fighter on May 13, 2023.
             Was an Initiate of Qazlal.
             Succumbed to a gnoll's poison
             ... on level 4 of the Dungeon.
             The game lasted 00:14:18 (3642 turns).

Farfigtubin the Chopper (Formicid Fighter)          Turns: 3642, Time: 00:14:18

Health: 0/57       AC: 12    Str: 22    XL:     7   Next: 78%
Magic:  7/7        EV: 14    Int:  8    God:    Qazlal [......]
Gold:   267        SH:  5    Dex: 13    Spells: 6/6 levels left

rFire   . . .        a - +0 war axe
rCold   . . .        c - +0 buckler
rNeg    . . .        w - +4 scale mail
rPois   .            (helmet unavailable)
rElec   .            y - +0 cloak
rCorr   .            (no gloves)
SInv    +            (no boots)
Will    .....        (no amulet) Stlth
                     q - +5 ring of evasion
HPRegen 0.29/turn    (no ring)
MPRegen 0.10/turn

%: no passive effects
@: lethally poisoned (0 -> -22), weakened
A: permanent stasis, dig shafts and tunnels, antennae 3, four strong arms
a: Dig, Shaft Self, Renounce Religion


You were on level 4 of the Dungeon.
You worshipped Qazlal.
Qazlal was noncommittal.
You visited 1 branch of the dungeon, and saw 4 of its levels.

You collected 267 gold pieces.

Inventory:

Hand Weapons
 a - a +0 war axe (weapon)
Missiles
 j - 66 stones
 m - 5 poisoned darts
 v - 5 boomerangs (quivered)
Armour
 c - a +0 buckler (worn)
 w - a +4 scale mail (worn)
 y - a +0 cloak (worn)
Jewellery
 q - a +5 ring of evasion (left hand)
 A - a ring of fire
 B - a ring of magical power
Wands
 x - a wand of acid (11)
 z - a wand of flame (17)
 C - a wand of mindburst (2)
Scrolls
 e - a scroll of vulnerability {unknown}
 f - 3 scrolls of teleportation {unknown}
 h - 2 scrolls of blinking {unknown}
 i - a scroll of butterflies {unknown}
 n - a scroll of fear {unknown}
 o - a scroll of fog {unknown}
 p - a scroll of enchant armour {unknown}
 s - 3 scrolls of poison {unknown}
 t - 2 scrolls of identify {unknown}
 u - a scroll of immolation {unknown}
Potions
 b - 4 potions of attraction {unknown}
 d - a potion of might
 g - 2 potions of haste {unknown}
 k - a potion of lignification {unknown}
 l - 2 potions of mutation {unknown}
 r - a potion of heal wounds {unknown}


   Skills:
 + Level 5.9 Fighting
 * Level 6.7 Axes
 + Level 0.5 Throwing
 - Level 3.2 Armour
 - Level 4.0 Shields


You had 6 spell levels left.
You didn't know any spells.
Your spell library contained the following spells:

 Spells                   Type           Power      Damage    Failure   Level
 Ensorcelled Hibernation  Hex/Ice        0%         N/A       91%         2
 Passwall                 Tmut/Erth      0%         N/A       91%         2
 Stone Arrow              Conj/Erth      0%         3d7       99%         3
 Animate Armour           Summ/Erth      0%         N/A       100%        4
 Lehudib's Crystal Spear  Conj/Erth      0%         10d2      100%        8
 Swiftness                Air            Unusable   N/A       N/A         3

Dungeon Overview and Level Annotations

Branches:
Dungeon (4/15)
 Temple: D:4-7

Altars:
Gozag
Qazlal
Ru
Trog
Uskayaw
Xom


Innate Abilities, Weirdness & Mutations

You cannot be hasted, slowed, berserked, paralysed or teleported.
You can dig through walls and to a lower floor.
You have a pair of large antennae on your head. (SInv)
Your four strong arms can wield two-handed weapons with a shield.


Message History

The gnoll attacks as you move away!
The gnoll hits you with a +2 whip of venom.
You feel sick.
You feel sick.
You feel sick. The gnoll barely misses you.
You feel sick.
The gnoll bouda gazes fiercely through you!
You feel your attacks grow feeble.
You feel sick. The gnoll attacks as you move away!
The gnoll hits you with a +2 whip of venom.
You are more poisoned.
You feel sick.
The gnoll bouda gazes fiercely through you!
You feel as though you will be weak longer.
The gnoll hits you with a +2 whip of venom.
You are more poisoned.
You see here a +0 dagger.
The gnoll attacks as you move away! The gnoll closely misses you.
You feel very sick. The gnoll attacks as you move away!
The gnoll hits you but does no damage.
You are more poisoned.
You feel very sick.
You feel very sick. The gnoll barely misses you.
The gnoll attacks as you move away!
The gnoll hits you with a +2 whip of venom.
You are lethally poisoned!
* * * LOW HITPOINT WARNING * * *
You feel very sick.
The gnoll bouda mumbles some strange prayers to its god.
The gnoll bouda is healed somewhat.
* * * LOW HITPOINT WARNING * * *
You feel very sick.
The gnoll is no longer moving quickly. x2
The gnoll attacks as you move away! You block the gnoll's attack.
* * * LOW HITPOINT WARNING * * *
You feel very sick. The gnoll attacks as you move away!
The gnoll hits you but does no damage.
You are more poisoned.
You die...

.......).........####...#
........<.......## #...#
...>...)........### ##.##
............).....## #.#
.........#.........# #.#
.................### #.#
##.....###.......## #.######
#......##.....[..####......#
####.....######.@.g...#.....#
......................#.....#
.###........###.......g.....#
.# ####.#.....#......g......#
## #.##....#.......#)....#
.#### #...)#..........#.....#
....# ###...#.........#.....#
###.## ##............#.....#
# #..#####............#.....#


You could see a gnoll bouda and 2 gnolls.

Vanquished Creatures
  A black bear (D:4)
  A centaur (D:3)
  A scorpion (D:3)
  A hound (D:4)
  2 orc priests
  2 jellies
  An orc wizard (D:3)
  A sleepcap (D:4)
  Ijyb (D:4)
  Robin (D:3)
  3 gnolls
  3 adders
  3 worms
  3 dart slugs
  17 orcs (D:3)
  3 bats (D:2)
  4 endoplasms
  A giant cockroach (D:2)
  16 goblins
  6 hobgoblins
  4 jackals (D:2)
  5 kobolds
  3 quokkas
  6 ball pythons
  4 frilled lizards
  4 rats
97 creatures vanquished.

Notes
Turn   | Place    | Note
-------+----------+-------------------------------------------
     0 | D:1      | Farfigtubin the Formicid Fighter began the quest for the
                  | Orb.
     0 | D:1      | Reached XP level 1. HP: 18/18 MP: 1/1
   298 | D:1      | Reached XP level 2. HP: 24/24 MP: 2/2
   674 | D:2      | Found a faded altar of an unknown god.
   890 | D:2      | Reached XP level 3. HP: 29/30 MP: 3/3
   959 | D:2      | Reached skill level 3 in Axes
  1514 | D:3      | Noticed a centaur
  1517 | D:3      | Killed a centaur
  1518 | D:3      | Reached skill level 4 in Axes
  1518 | D:3      | Reached XP level 4. HP: 36/38 MP: 4/4
  1518 | D:3      | Reached XP level 5. HP: 40/43 MP: 5/5
  1640 | D:3      | Found a shimmering altar of Xom.
  1642 | D:3      | Found a sacrificial altar of Ru.
  1642 | D:3      | Found a hide-covered altar of Uskayaw.
  1647 | D:3      | Found an opulent altar of Gozag.
  1960 | D:3      | Noticed Robin
  1987 | D:3      | Killed Robin
  1988 | D:3      | Reached XP level 6. HP: 21/49 MP: 6/6
  1997 | D:3      | Reached skill level 5 in Axes
  2222 | D:3      | Reached skill level 5 in Fighting
  2750 | D:4      | Reached XP level 7. HP: 56/56 MP: 7/7
  2855 | D:4      | Reached skill level 6 in Axes
  2884 | D:4      | Noticed Ijyb
  3012 | D:4      | Found a bloodstained altar of Trog.
  3149 | D:4      | Found a stormy altar of Qazlal.
  3156 | D:4      | Became a worshipper of Qazlal Stormbringer
  3225 | D:4      | Killed Ijyb
  3642 | D:4      | Succumbed to a gnoll's poison

Illustrated notes

Levels and vault maps discovered:
D:1:      dpeg_arrival_fog, layout_basic
D:2:      layout_loops_ring, hellmonk_ecumenical_altar_run_dry,
          kennysheep_pointless_box
D:3:      layout_loops_ring, minitemple, kennysheep_generic_room_13, uniq_robin
D:4:      layout_rooms, nicolae_qazlal_eye_of_the_storm,
          nicolae_hepliaklqana_hippocampus, mainiacjoe_overflow_cross_hatched,
          uniq_ijyb

Skill      XL: |  1  2  3  4  5  6  7 |
---------------+----------------------+-----
Axes           | 4 5 6 |  6.7
Fighting       | 4 5 |  5.9
Throwing       | |  0.5
Armour         | |  3.2
Shields        | |  4.0

Action                     |  1- 3 |  4- 6 |  7- 9 || total
---------------------------+-------+-------+-------++-------
  Melee: War axe           |   106 |   126 |    75 ||   307
  Throw: Dart              |       |     2 |     2 ||     4
         Boomerang         |       |       |     3 ||     3
 Armour: Scale mail        |    45 |    32 |    32 ||   109
  Dodge: Dodged            |    55 |    56 |    47 ||   158
  Block: Buckler           |    20 |    24 |    20 ||    64
